 Dungeon Crawl Stone Soup version 0.18.1-5-g4a78601 (webtiles) character file.

28082 MDvedh the Basher (level 13, -4/80 HPs)
             Began as a Gargoyle Venom Mage on May 9, 2016.
             Was a High Priest of Okawaru.
             Slain by a freezing wraith (5 damage)
             ... in an ice cave.
             The game lasted 00:47:27 (22028 turns).

MDvedh the Basher (Gargoyle Venom Mage)            Turns: 22028, Time: 00:47:28

Health: -4/80      AC: 31    Str: 17    XL:     13   Next: 36%
Magic:  17/18      EV: 11    Int: 16    God:    Okawaru [*****.]
Gold:   976        SH:  0    Dex: 10    Spells: 2 memorised, 11 levels left

rFire  . . .     SeeInvis .     H - +1 flail (crush)
rCold  + + .     Gourm    .     l - +0 chain mail
rNeg   + . .     Faith    .     (no shield)
rPois  ∞         Spirit   .     B - +0 helmet
rElec  +         Dismiss  .     m - +0 cloak
rCorr  .         Reflect  .     o - +1 pair of gloves
SustAt .         Harm     .     X - +1 pair of boots {Fly}
MR     .....                    (no amulet)
Stlth  ..........               R - ring of protection from cold
                                I - ring of protection from cold

@: heroism, slowed, very slow, not resistant to hostile enchantments, extremely
unstealthy
A: talons 1, negative energy resistance 1, electricity resistance, unbreathing,
petrification resistance, rot immunity, AC +9
a: Heroism, Finesse, Renounce Religion, Evoke Flight


You were in an ice cave.
You worshipped Okawaru.
Okawaru was extremely pleased with you.
You were not hungry.

You visited 2 branches of the dungeon, and saw 14 of its levels.
You also visited: Sewer and Ice Cave.

You collected 976 gold pieces.

Inventory:

Hand Weapons
 q - a +1 dagger of electrocution
 H - a +1 flail of crushing (weapon)
Armour
 a - a +0 robe
 l - a +0 chain mail (worn)
 m - a +0 cloak (worn)
 o - a +1 pair of gloves (worn)
 s - a +0 ring mail
 B - a +0 helmet (worn)
 X - a +1 pair of boots of flying (worn)
Jewellery
 y - a +5 ring of intelligence
 F - an uncursed ring of resist corrosion
 I - a ring of protection from cold (left hand)
 J - an uncursed ring of fire
 P - an uncursed ring of protection from fire
 Q - the ring "Maxosmut" {*Corrode rPois MR+ Str+2 Slay+3}
   (You found it on level 10 of the Dungeon)

   [ring of strength]

   It affects your strength (+2).
   It affects your accuracy and damage with ranged weapons and melee attacks
   (+3).
   It protects you from poison.
   It affects your resistance to hostile enchantments.
   It may corrode you when you take damage.
 R - a ring of protection from cold (right hand)
Wands
 x - a wand of paralysis (18/24)
 E - a wand of teleportation (2/9)
 O - a wand of teleportation (3/9)
 T - a wand of teleportation (1/9)
Scrolls
 c - 2 scrolls of identify
 n - a scroll of fear
 p - a scroll of noise
 r - 3 scrolls of teleportation
 u - 4 scrolls of remove curse
 z - a scroll of amnesia
 C - 2 scrolls of fog
 M - a scroll of blinking
 V - 2 scrolls of enchant weapon
Potions
 e - 8 potions of invisibility
 f - 2 potions of ambrosia
 g - 3 potions of resistance
 h - 3 potions of flight
 i - 2 potions of haste
 j - a potion of curing
 v - 2 potions of lignification
 A - 2 potions of mutation
 G - 2 potions of brilliance
 K - a potion of agility
 U - 2 potions of magic
Books
 b - a book of Flames

   Spells                             Type                      Level
   a - Flame Tongue                   Conjuration/Fire             1
   b - Throw Flame                    Conjuration/Fire             2
   c - Conjure Flame                  Conjuration/Fire             3
   d - Inner Flame                    Hexes/Fire                   3
   e - Sticky Flame                   Conjuration/Fire             4
   f - Fireball                       Conjuration/Fire             5
Comestibles
 d - 5 meat rations
 w - 14 fruits
 N - 4 beef jerkies
 S - 11 royal jellies


   Skills:
 + Level 9.3(14.3) Fighting
 - Level 14.0(19.0) Maces & Flails
 + Level 10.0(15.0) Armour
 + Level 6.4(11.4) Dodging
 - Level 2.1(7.1) Stealth
 - Level 2.0 Spellcasting
 - Level 7.6 Poison Magic
 - Level 7.0 Invocations


You had 11 spell levels left.
You knew the following spells:

 Your Spells              Type           Power        Failure   Level  Hunger
a - Sting                 Conj/Pois      ##..         34%         1    #......
b - Olgreb's Toxic Radia  Pois           ####....     69%         4    #####..


Dungeon Overview and Level Annotations

Branches:
Dungeon (10/15)            Temple (0/1) D:5            Lair (4/8) D:9
    Orc (0/2) D:9
  Swamp: Lair:3-6    Shoals: Lair:3-6     Snake: Lair:3-6    Spider: Lair:3-6

Altars:
Cheibriados
Dithmenos
Elyvilon
Kikubaaqudgha
Makhleb
Okawaru
Pakellas
Qazlal
Trog
Xom
Yredelemnul
Zin
The Shining One

Shops:
D:6 }


Innate Abilities, Weirdness & Mutations

You are resistant to torment.
Your stone body is resilient (AC +9).
You are immune to poison.
You resist negative energy.
You are resistant to electric shocks.
You can survive without breathing.
You are immune to petrification.
You are immune to rotting.
You have sharp toenails.


Message History

The freezing wraith freezes you! You resist.
* * * LOW HITPOINT WARNING * * *
The freezing wraith hits you but does no damage.
You closely miss the freezing wraith.
You punch the freezing wraith, but do no damage.
The freezing wraith is severely damaged.
The freezing wraith misses you.
The freezing wraith completely misses you.
Unknown command.
You hit the freezing wraith but do no damage.
The freezing wraith is severely damaged.
The freezing wraith hits you but does no damage.
The freezing wraith misses you.
Unknown command.
You hit the freezing wraith but do no damage.
The freezing wraith is severely damaged.
The freezing wraith hits you!
* * * LOW HITPOINT WARNING * * *
The freezing wraith freezes you. You resist.
You die...

#.∩.∩.......#..........#
#.......##....##.......#
##....#####..####.....##
##..## #### #......#
#### ##....## ##...# ###
### ##..## ##.# ##.##
##..# ##... #####.@.##
#..####.... ##....W#..#
#...#...#.. #.....##..##
##.....##.. #.....###..#
##...###.# #.......#
#..## ######..#
#........ ##..# ##..##
##....... #..## ##...#
##......# ##..# ##...##
#......# ##.####...##


You could see a freezing wraith.

Vanquished Creatures
  Gastronok (Lair:2)
  2 hydras (Lair:2)
  The ghost of Chiseanne the Jinx, a novice HuEn of Gozag (D:9)
  Pikel (D:7)
  A necromancer (Lair:3)
  13 elephants
  A black mamba (Lair:1)
  3 centaur skeletons
  7 spiny frogs
  A rime drake (Lair:3)
  3 komodo dragons
  6 freezing wraiths (IceCv)
  2 trolls (D:9)
  4 blink frogs (Lair:1)
  A two-headed ogre (D:10)
  6 yaks
  2 basilisks (Lair:1)
  4 hippogriffs
  A death yak simulacrum (IceCv)
  A mottled dragon (Lair:3)
  11 water moccasins
  A soldier ant (D:10)
  Duvessa (D:5)
  7 porcupines
  8 ice beasts
  An orc warrior (D:6)
  2 sky beasts
  An elephant zombie (Lair:3)
  2 alligator simulacra (IceCv)
  7 ogres
  4 slaves (D:7)
  5 black bears
  A necrophage (D:6)
  A phantom (D:9)
  3 wolves (Lair:3)
  An eye of draining (D:9)
  2 wasps
  A centaur (D:7)
  3 crocodiles
  11 big kobolds
  9 giant frogs
  Dowan (D:5)
  3 scorpions
  A wyvern skeleton (D:9)
  11 wights
  3 howler monkeys
  2 electric eels (Lair:3)
  A giant frog zombie (D:7)
  3 gnoll shamans (D:6)
  A jelly (D:9)
  3 crimson imps
  9 hounds
  8 orc priests
  Crazy Yiuf (D:2)
  2 giant frog skeletons
  2 basilisk zombies (Lair:3)
  Jessica (D:2)
  Ijyb (D:2)
  19 worker ants
  8 iguanas
  7 orc wizards
  5 hell rats (Lair:3)
  A polar bear simulacrum (IceCv)
  20 sheep
  A crocodile zombie (Lair:3)
  2 hound zombies
  A worker ant zombie (D:8)
  17 gnolls
  16 adders
  26 river rats
  5 shadow imps
  5 white imps (IceCv)
  16 oozes
  An adder skeleton (D:9)
  2 worms
  3 dart slugs
  12 giant geckos
  28 orcs
  5 bats
  18 giant cockroaches
  11 goblins
  11 hobgoblins
  12 jackals
  4 quokkas
  13 ball pythons
  2 giant gecko skeletons
  11 giant newts
  A jackal skeleton (D:5)
  22 kobolds
  7 rats
  A plant (D:6)
509 creatures vanquished.

Vanquished Creatures (others)
  2 fungi (Lair:1)
  A plant (Lair:3)
3 creatures vanquished.

Grand Total: 512 creatures vanquished

Notes
Turn   | Place    | Note
--------------------------------------------------------------
     0 | D:1      | MDvedh the Gargoyle Venom Mage began the quest for the Orb.
     0 | D:1      | Reached XP level 1. HP: 10/10 MP: 3/3
   333 | D:1      | Reached XP level 2. HP: 12/15 MP: 1/5
   682 | D:1      | Reached XP level 3. HP: 9/19 MP: 6/6
  1119 | D:1      | Reached skill level 5 in Poison Magic
  1207 | D:1      | Reached skill level 1 in Maces & Flails
  1328 | D:2      | Reached skill level 1 in Fighting
  1328 | D:2      | Reached XP level 4. HP: 22/25 MP: 1/7
  1334 | D:2      | Learned a level 4 spell: Olgreb's Toxic Radiance
  1777 | D:2      | Found an ancient bone altar of Kikubaaqudgha.
  1783 | D:2      | Noticed Jessica
  1817 | D:2      | Killed Jessica
  1817 | D:2      | Reached skill level 2 in Maces & Flails
  1817 | D:2      | Reached XP level 5. HP: 26/30 MP: 2/8
  1886 | D:2      | Found an oddly glowing altar of Pakellas.
  1968 | D:2      | Noticed Crazy Yiuf
  1980 | D:2      | Noticed Ijyb
  1981 | D:2      | Killed Crazy Yiuf
  2052 | D:2      | Killed Ijyb
  2444 | D:3      | Found a shadowy altar of Dithmenos.
  2525 | D:3      | Reached XP level 6. HP: 9/36 MP: 1/9
  2734 | D:3      | Found a glowing drain.
  2744 | Sewer    | Entered a sewer
  3035 | Sewer    | Reached skill level 3 in Maces & Flails
  3526 | Sewer    | Reached XP level 7. HP: 42/42 MP: 7/10
  4447 | D:4      | Reached skill level 4 in Maces & Flails
  4841 | D:4      | Reached skill level 1 in Armour
  4961 | D:4      | Found a glowing golden altar of the Shining One.
  4972 | D:4      | Found a basalt altar of Yredelemnul.
  5234 | D:4      | Found a burning altar of Makhleb.
  5248 | D:4      | Found a shimmering altar of Xom.
  5300 | D:4      | Reached XP level 8. HP: 48/48 MP: 9/11
  5400 | D:4      | Noticed an angel
  5439 | D:5      | Entered Level 5 of the Dungeon
  5882 | D:5      | Found an iron altar of Okawaru.
  5888 | D:5      | Reached skill level 5 in Maces & Flails
  5933 | D:5      | Became a worshipper of Warmaster Okawaru
  6008 | D:5      | Noticed Duvessa
  6008 | D:5      | Noticed Dowan
  6015 | D:5      | Killed Duvessa
  6018 | D:5      | Killed Dowan
  6222 | D:5      | Found a staircase to the Ecumenical Temple.
  6349 | D:5      | Found a glowing silver altar of Zin.
  6389 | D:5      | You fall through a shaft!
  6464 | D:6      | Found a bloodstained altar of Trog.
  6654 | D:6      | Found a snail-covered altar of Cheibriados.
  6695 | D:6      | Reached skill level 6 in Maces & Flails
  6714 | D:5      | Reached * piety under Okawaru
  6913 | D:6      | Reached skill level 5 in Armour
  6931 | D:6      | Found a basalt altar of Yredelemnul.
  6963 | D:5      | Reached XP level 9. HP: 24/52 MP: 12/12
  7493 | D:6      | Found a white marble altar of Elyvilon.
  7684 | D:5      | Reached skill level 7 in Maces & Flails
  7977 | D:6      | Found Wyshroigu's Gadget Shoppe.
  8070 | D:6      | Reached skill level 8 in Maces & Flails
  8411 | D:6      | Reached skill level 9 in Maces & Flails
  8423 | D:6      | Reached ** piety under Okawaru
  8941 | D:6      | Reached skill level 10 in Maces & Flails
  8942 | D:6      | Reached XP level 10. HP: 58/58 MP: 4/13
  9753 | D:7      | Noticed Pikel
  9765 | D:7      | Killed Pikel
  9765 | D:7      | Reached *** piety under Okawaru
  9765 | D:7      | Reached skill level 11 in Maces & Flails
  9940 | D:7      | Found a stormy altar of Qazlal.
 11542 | D:8      | Reached skill level 12 in Maces & Flails
 11814 | D:9      | Found a staircase to the Orcish Mines.
 11858 | D:9      | Reached **** piety under Okawaru
 12605 | D:9      | Reached skill level 13 in Maces & Flails
 12605 | D:9      | Reached XP level 11. HP: 49/62 MP: 14/14
 12871 | D:9      | Noticed Chiseanne's ghost (novice HuEn)
 12911 | D:9      | Killed Chiseanne's ghost
 12979 | D:9      | Gained mutation: You have sharp toenails. [mutagenic meat]
 13058 | D:9      | Found a staircase to the Lair.
 13593 | D:10     | Entered Level 10 of the Dungeon
 13871 | D:10     | Reached skill level 14 in Maces & Flails
 13879 | D:10     | Got a smoking brass ring
 13902 | D:10     | Identified the ring "Maxosmut" {*Corrode rPois MR+ Str+2 Slay+3} (You found it on level 10 of the Dungeon)
 13961 | Lair:1   | Entered Level 1 of the Lair of Beasts
 14091 | Lair:1   | Reached ***** piety under Okawaru
 14654 | Lair:1   | Reached skill level 5 in Fighting
 14758 | Lair:1   | Received a gift from Okawaru
 15494 | Lair:1   | Reached skill level 1 in Invocations
 16428 | Lair:2   | Noticed a five-headed hydra
 16439 | Lair:2   | Killed a five-headed hydra
 16439 | Lair:2   | Reached XP level 12. HP: 49/70 MP: 13/15
 17068 | Lair:2   | Reached skill level 5 in Invocations
 17545 | Lair:2   | Noticed Gastronok
 17580 | Lair:2   | Killed Gastronok
 18009 | Lair:2   | Noticed a seven-headed hydra
 18023 | Lair:2   | Killed a seven-headed hydra
 18833 | Lair:3   | Reached skill level 5 in Dodging
 19027 | Lair:3   | Received a gift from Okawaru
 19543 | Lair:3   | Reached XP level 13. HP: 61/79 MP: 18/18
 21064 | Lair:4   | Got a turquoise-encrusted chain mail
 21076 | Lair:4   | Identified the +8 chain mail of Pleasant Breezes {*Corrode rPois rF- Dex+9} (You found it on level 4 of the Lair of Beasts)
 21093 | Lair:4   | Found a frozen archway.
 21114 | IceCv    | Entered an ice cave
 21624 | IceCv    | Reached skill level 10 in Armour
 22028 | IceCv    | HP: 1/80 [freezing wraith (9)]
 22028 | IceCv    | Slain by a freezing wraith

Skill      XL: |  1  2  3  4  5  6  7  8  9 10 11 12 13 |
---------------+----------------------------------------+-----
Poison Magic   | 5 6 7 |  7.6
Maces & Flails | 1 2 3 4 6 10 13 14 | 14.0
Fighting       | 1 2 3 4 6 8 9 |  9.3
Armour         | 2 5 7 9 10 | 10.0
Dodging        | 3 5 6 |  6.4
Invocations    | 3 7 |  7.0
Stealth        | |  2.1
Spellcasting   | |  2.0

Action                   |  1- 3 |  4- 6 |  7- 9 | 10-12 | 13-15 || total
-------------------------+-------+-------+-------+-------+-------++-------
Melee: Short sword       |    18 |       |       |       |       ||    18
       Mace              |    13 |    32 |       |       |       ||    45
       Dagger            |       |   201 |   242 |       |       ||   443
       Flail             |       |       |   251 |  1282 |   404 ||  1937
       Punch             |       |       |     1 |     9 |     2 ||    12
       Kick              |       |       |       |    47 |       ||    47
 Cast: Sting             |    30 |   107 |    82 |    43 |       ||   262
       Olgreb's Toxic Ra |       |       |    21 |    17 |       ||    38
Invok: Heroism           |       |       |     3 |    19 |     7 ||    29
       Finesse           |       |       |       |     1 |     1 ||     2
 Abil: Stop Flying       |       |       |       |     1 |     1 ||     2
       Evoke Flight      |       |       |       |       |     1 ||     1
  Use: Scroll            |       |     1 |    17 |    14 |     3 ||    35
       Potion            |       |       |       |     2 |     2 ||     4
 Stab: Sleeping          |       |     1 |     2 |     4 |       ||     7
       Distracted        |       |       |       |     1 |       ||     1
  Eat: Pizza             |     1 |     2 |       |     1 |       ||     4
       Chunk             |       |     7 |    10 |    25 |     2 ||    44
       Bread ration      |       |       |     3 |     3 |       ||     6
       Beef jerky        |       |       |     1 |       |       ||     1
       Royal jelly       |       |       |       |     1 |       ||     1
       Meat ration       |       |       |       |       |     2 ||     2
Armor: Robe              |    19 |   102 |   196 |   256 |       ||   573
       Chain mail        |       |       |       |   476 |   299 ||   775
       Ring mail         |       |       |       |       |     5 ||     5
Dodge: Dodged            |    31 |   170 |   298 |   510 |   225 ||  1234
